 Dungeon Sprint DCSS version 0.30-a0-924-g0ad0bf95bc (webtiles) character file.

Game seed: 3273703795021405000

4748 Pimp the Tortoise (level 10, -21/102 HPs)
             Began as an Armataur Fighter on Mar 22, 2023.
             Demolished by Urug
             ... wielding a +2 war axe
              (29 damage)
             ... in the Dungeon (Sprint V: "Ziggurat Sprint").
             The game lasted 00:06:10 (1277 turns).

Pimp the Tortoise (Armataur Fighter)                Turns: 1277, Time: 00:06:12

Health: -21/102    AC: 24    Str: 38    XL:     10   Next: 23%
Magic:  10/10      EV:  5    Int:  9    God:
Gold:   0          SH:  0    Dex:  9    Spells: 9/9 levels left

rFire   + + +      SeeInvis .    u - +7 great mace "Firestarter" {flame, inner flame, rFlCloud rF++}
rCold   + . .      Faith    .    (shield currently unavailable)
rNeg    . . .      Spirit   .    k - +5 gold dragon scales
rPois   +          Reflect  .    M - +2 hat of Music {+Blink}
rElec   .          Roll     +    (no cloak)
rCorr   .          NoTele   +    (no gloves)
Will    .....                    (no barding) Stlth
                                 (no amulet)
HPRegen 0.37/turn                q - +6 ring of strength
MPRegen 0.12/turn                r - +6 ring of strength

@: on fire, slowed, glowing, very slow
A: large, rugged brown scales 3, deformed body, armoured tail, roll, long
tongue, awkward tongue
a: Evoke Blink


You were in the Dungeon.
You visited 1 branch

Inventory:

Hand Weapons
 a - a +0 flail
 u - the +7 great mace "Firestarter" (weapon) {flame, inner flame, rFlCloud rF++}
   (You found it in the Dungeon)

   rFlCloud:  It grants immunity to clouds of flame.
   rF:        It greatly protects you from fire.
 C - the +10 morningstar "Eos" {elec, Halo rElec}
   (You found it in the Dungeon)

   Halo:      It grants its wielder a halo, revealing invisible creatures and
   increasing accuracy against all within it other than the wielder.
   rElec:     It insulates you from electricity.
Armour
 b - a +0 scale mail
 c - a +0 buckler
 k - +5 gold dragon scales (worn)
 M - the +2 hat of Music (worn) {+Blink}
   (You found it in the Dungeon)

   +Blink:    It lets you blink.
Jewellery
 l - a ring of flight
 m - a +6 ring of dexterity
 n - a +6 ring of dexterity
 o - a +6 ring of intelligence
 p - a +6 ring of intelligence
 q - a +6 ring of strength (left hand)
 r - a +6 ring of strength (right hand)
 D - the ring "Vaahoel" {rF- rN+ Dex+4}
   (You found it in the Dungeon)

   [ring of positive energy]

   Dex:       It affects your dexterity (+4).
   rF:        It makes you vulnerable to fire.
   rN:        It protects you from negative energy.
 E - an amulet of the acrobat
 F - the ring "Xyzoeb" {Wiz rCorr Dex+2 Slay-5}
   (You found it in the Dungeon)

   [ring of wizardry]

   It improves your spell success rate.
   Dex:       It affects your dexterity (+2).
   Slay:      It affects your accuracy & damage with ranged weapons and melee
   (-5).
   rCorr:     It protects you from acid and corrosion.
 G - the ring "Fairekka" {rF++ EV+5 Str-4 Slay+2 SInv}
   (You found it in the Dungeon)

   [ring of evasion]

   EV:        It affects your evasion (+5).
   Str:       It affects your strength (-4).
   Slay:      It affects your accuracy & damage with ranged weapons and melee
   (+2).
   rF:        It greatly protects you from fire.
   SInv:      It lets you see invisible.
 H - a ring of magical power
 I - a +4 ring of slaying
 J - a ring of see invisible
 K - a ring of wizardry
 L - a ring of ice
Wands
 s - a wand of mindburst (7)
 t - a wand of light (7)
Scrolls
 j - 4 scrolls of blinking
 v - 4 scrolls of amnesia
 w - 6 scrolls of fog
 x - 5 scrolls of identify
 y - 2 scrolls of fear
Potions
 d - 6 potions of might
 e - 10 potions of curing
 f - 16 potions of heal wounds
 g - 6 potions of haste
 h - 7 potions of magic
 i - 3 potions of berserk rage
 z - 2 potions of brilliance
 A - 2 potions of invisibility
 B - 4 potions of resistance


   Skills:
 + Level 11.4 Fighting
 * Level 12.6 Maces & Flails
 + Level 15.7 Armour
 + Level 12.0 Shields


You had 9 spell levels left.
You didn't know any spells.
Your spell library contained the following spells:

 Spells                   Type           Power      Damage    Failure   Level
 Apportation              Tloc           0%         N/A       98%         1
 Cigotuvi's Dreadful Rot  Necr/Pois/Air  0%         N/A       99%         2
 Ensorcelled Hibernation  Hex/Ice        0%         N/A       99%         2
 Poisonous Vapours        Pois/Air       0%         N/A       99%         2
 Ignite Poison            Fire/Tmut/Pois 0%         N/A       100%        3
 Kindle Blastsparks       Fire/Tloc/Air  0%         2d10      100%        3
 Mephitic Cloud           Conj/Pois/Air  0%         N/A       100%        3
 Portal Projectile        Hex/Tloc       0%         N/A       100%        3
 Animate Dead             Necr           0%         N/A       100%        4
 Dispel Undead            Necr           0%         3d6       100%        4
 Summon Lightning Spire   Summ/Air       0%         N/A       100%        4
 Alistair's Intoxication  Tmut/Pois      0%         N/A       100%        5
 Freezing Cloud           Conj/Ice/Air   0%         6-21      100%        5
 Death Channel            Necr           0%         N/A       100%        6
 Haunt                    Necr/Summ      0%         N/A       100%        7
 Storm Form               Tmut/Air       0%         N/A       100%        7
 Infestation              Necr           0%         N/A       100%        8
 Maxwell's Capacitive Co  Air            0%         ∞         100%        8
 Chain Lightning          Conj/Air       0%         N/A       100%        9
 Fire Storm               Conj/Fire      0%         5d1       100%        9
 Shatter                  Erth           0%         3d5*      100%        9


Dungeon Overview and Level Annotations

Branches:
Dungeon (1/1)

Altars:
Ashenzari
Cheibriados
Dithmenos
Elyvilon
Fedhas
Gozag
Hepliaklqana
Kikubaaqudgha
Makhleb
Nemelex Xobeh
Okawaru
Qazlal
Ru
Sif Muna
Trog
Uskayaw
Vehumet
Wu Jian
Xom
Yredelemnul
Zin
The Shining One
Jiyva
Lugonu

Annotations:
D 1 transporter, Azrael, Harold, Kirke, Maurice, Psyche, Saint Roka, Snorg, Terence, Urug


Innate Abilities, Weirdness & Mutations

You are completely covered in rugged brown scales. (AC +3, +7% HP)
Armour fits poorly on your strangely shaped body.
You have a long armoured tail.
You roll when moving toward enemies. (Rampage)
Your long tongue fully drains potion bottles. (2x potion effects)
Your tongue gives you trouble enunciating. (1.5x scroll delay)


Message History

You are covered in liquid flames!
Kirke wildly gestures.
Saint Roka calls down the wrath of Beogh upon you.
Beogh smites you!
Psyche sings.
Maurice mumbles some strange words.
Maurice flickers and vanishes!
Deactivating autopickup; reactivate with Ctrl-A.
Snorg bites you! Snorg claws you but does no damage. Snorg claws you!
You closely miss Kirke.
Kirke is lightly wounded.
You are covered in liquid flames!
You are no longer on fire.
Saint Roka mumbles some strange prayers to Beogh against you.
Beogh smites you!
* * * LOW HITPOINT WARNING * * *
Psyche looks braver for a moment.
Azrael gestures at you.
The sticky flame hits you but does no damage.
You are covered in liquid flames!
Kirke points at you and mumbles some strange words.
You feel yourself slow down. Snorg bites you but does no damage.
Snorg claws you but does no damage. x2; Urug hits you with a +2 war axe.
* * * LOW HITPOINT WARNING * * *
Terence hits you but does no damage.
Saint Roka roars a battlecry!
Urug goes into a battle-frenzy!
You feel much better.
You slurp down every last drop of the potion of heal wounds!
You are covered in liquid flames!
Snorg bites you but does no damage. Snorg claws you but does no damage. x2
Azrael hits you but does no damage. Kirke hits you.
Urug hits you with a +2 war axe! Terence hits you but does no damage.
Snorg bites you!!
* * * LOW HITPOINT WARNING * * *
Snorg claws you.
* * * LOW HITPOINT WARNING * * *
Snorg completely misses you.
Azrael drinks a potion.
Azrael seems to grow stronger.
Kirke hits you but does no damage. Urug hits you with a +2 war axe!!
You die...

▓....©....▓...©...▓
▓▓▓▓▓▓▓▓▓▓▓▓▓▓▓▓▓▓▓▓▓
▓...8©8...▓...8©8...▓
▓..[=))...▓.....}|..▓
▓..")=::..▓...)[[...▓
▓...@.....▓....)....▓
▓.o.@.°...▓...)))...▓
▓..ToR@...▓...).)...▓
▓..@@.....▓....))...▓
▓.........▓.▓.....▓.▓
▓.........▓....©....▓
▓....©....▓▓▓▓▓▓▓▓▓▓▓
▓▓▓▓▓▓▓▓▓▓▓


You could see Saint Roka (fast), Kirke (inner flame), Snorg (berserk), Azrael
(strong), Harold, Urug (strong), Psyche and Terence.

Vanquished Creatures
  A flayed ghost (D)
  5 draconians (D)
  4 guardian mummies (D)
  A wraith (D)
  A chaos spawn (D)
  A hell hound (D)
  4 orc warriors (D)
  A small abomination (D)
  A phantom (D)
  2 necrophages (D)
  A wight (D)
  A quasit (D)
  2 orc priests (D)
  4 iron imps (D)
  An orc wizard (D)
  6 mummies (D)
  A shadow imp (D)
  A white imp (D)
  An ufetubus (D)
  2 adder skeletons (D)
  4 adder zombies (D)
  2 orcs (D)
  3 bat skeletons (D)
  A bat zombie (D)
  2 ball python zombies (D)
  A giant cockroach zombie (D)
54 creatures vanquished.

Notes
Turn   | Place    | Note
-------+----------+-------------------------------------------
     0 | D        | Pimp the Armataur Fighter began the quest for the Orb.
     0 | D        | Reached XP level 1. HP: 19/19 MP: 1/1
    12 | D        | Found a blossoming altar of Fedhas.
    12 | D        | Found the +6 Majin-Bo {spellvamp, MP+6 Int+6}
    12 | D        | Found the +27 heavy crossbow "Sniper" {heavy, Acc+∞ SInv}
    12 | D        | Found the +10 dark maul {heavy}
    12 | D        | Found the +15 Maxwell's patent armour {-Cast -Tele rElec
                  | Will+ rCorr}
    12 | D        | Found the +18 shield of the Gong {Loud rN+ Will+ rCorr
                  | EV-5}
    12 | D        | Found the +16 obsidian axe {drain, demonic, Mesm Drain Fly
                  | SInv}
    12 | D        | Found the +7 great mace "Firestarter" {flame, inner flame,
                  | rFlCloud rF++}
    12 | D        | Found the +6 shillelagh "Devastator" {shatter}
    12 | D        | Found the +11 plutonium sword {Contam Stlth-}
    12 | D        | Found the +8 lance "Wyrmbane" {slay drac, rPois rF+ rC+
                  | AC+3}
    12 | D        | Found the +9 sword of Zonguldrok {reap}
    12 | D        | Found the +13 scythe of Curses {drain, curses, Drain}
    12 | D        | Found the +9 sword of Power {lifebolt}
    12 | D        | Found the +7 mace of Variability {chaos, chain chaos}
    12 | D        | Found the +11 Singing Sword {sonic wave}
    12 | D        | Found the +8 storm bow {elec, penet}
    13 | D        | Found a transporter.
    13 | D        | Found a viscous altar of Jiyva.
    13 | D        | Found an ancient bone altar of Kikubaaqudgha.
    13 | D        | Found a hazy altar of Hepliaklqana.
    13 | D        | Found a corrupted altar of Lugonu.
    13 | D        | Found an opulent altar of Gozag.
    13 | D        | Found a burning altar of Makhleb.
    14 | D        | Found a sacrificial altar of Ru.
    14 | D        | Found a stormy altar of Qazlal.
    14 | D        | Found a shimmering blue altar of Sif Muna.
    14 | D        | Found an iron altar of Okawaru.
    14 | D        | Found a bloodstained altar of Trog.
    14 | D        | Found a sparkling altar of Nemelex Xobeh.
    53 | D        | Reached skill level 5 in Fighting
    53 | D        | Reached skill level 6 in Armour
    53 | D        | Reached XP level 2. HP: 31/31 MP: 2/2
    53 | D        | Reached XP level 3. HP: 38/38 MP: 3/3
   158 | D        | Entered arena 2.
   158 | D        | Noticed a draconian
   158 | D        | Noticed a draconian
   158 | D        | Found a transporter.
   161 | D        | Killed a draconian
   162 | D        | Reached skill level 5 in Maces & Flails
   162 | D        | Reached skill level 10 in Armour
   162 | D        | Reached XP level 4. HP: 30/51 MP: 4/4
   162 | D        | Reached XP level 5. HP: 33/56 MP: 5/5
   162 | D        | Reached XP level 6. HP: 38/65 MP: 6/6
   163 | D        | Killed a draconian
   164 | D        | Reached skill level 11 in Armour
   164 | D        | Reached skill level 10 in Shields
   164 | D        | Reached XP level 7. HP: 33/73 MP: 7/7
   290 | D        | Entered arena 3.
   290 | D        | Noticed a draconian
   290 | D        | Noticed a draconian
   290 | D        | Noticed a draconian
   290 | D        | Found a transporter.
   293 | D        | Killed a draconian
   294 | D        | Reached skill level 12 in Armour
   294 | D        | Reached XP level 8. HP: 78/83 MP: 8/8
   294 | D        | Killed a draconian
   295 | D        | Reached skill level 10 in Fighting
   295 | D        | Reached skill level 13 in Armour
   297 | D        | Killed a draconian
   446 | D        | Entered arena 4.
   446 | D        | Found the +10 morningstar "Eos" {elec, Halo rElec}
   446 | D        | Found a transporter.
   449 | D        | Reached skill level 14 in Armour
   449 | D        | Reached XP level 9. HP: 92/92 MP: 9/9
   461 | D        | Entered arena 5.
   461 | D        | Found the +7 Spriggan's Knife {stab, EV+4 Stlth+}
   461 | D        | Found a transporter.
   514 | D        | Entered arena 6.
   514 | D        | Found the +2 pair of slick slippers {slick, slippery, EV+5}
   514 | D        | Found a transporter.
   532 | D        | Got the ring "Vaahoel" {rF- rN+ Dex+4}
   538 | D        | Entered arena 7.
   539 | D        | Found a transporter.
   550 | D        | Got the Handbook of Virulence and Enchantment
   554 | D        | Got the ring "Xyzoeb" {Wiz rCorr Dex+2 Slay-5}
   556 | D        | Got the ring "Fairekka" {rF++ EV+5 Str-4 Slay+2 SInv}
   592 | D        | Entered arena 8.
   592 | D        | Noticed a flayed ghost
   593 | D        | Found a transporter.
   598 | D        | Killed a flayed ghost
   599 | D        | Reached skill level 10 in Maces & Flails
   609 | D        | Reached skill level 15 in Armour
   821 | D        | Entered arena 9.
   822 | D        | Found a transporter.
  1039 | D        | Entered arena 10.
  1039 | D        | Noticed a guardian mummy
  1039 | D        | Noticed a guardian mummy
  1039 | D        | Noticed a guardian mummy
  1039 | D        | Noticed a guardian mummy
  1041 | D        | Found a transporter.
  1043 | D        | Killed a guardian mummy
  1044 | D        | Killed a guardian mummy
  1046 | D        | Killed a guardian mummy
  1046 | D        | Killed a guardian mummy
  1047 | D        | Reached XP level 10. HP: 78/102 MP: 10/10
  1068 | D        | Entered arena 11.
  1069 | D        | Found a transporter.
  1095 | D        | Got the +2 hat of Music {+Blink}
  1272 | D        | Entered arena 12.
  1272 | D        | Noticed Saint Roka
  1272 | D        | Noticed Snorg
  1272 | D        | Noticed Kirke
  1272 | D        | Noticed Azrael
  1272 | D        | Noticed Urug
  1273 | D        | Noticed Maurice
  1273 | D        | Noticed Terence
  1273 | D        | Noticed Psyche
  1273 | D        | Noticed Harold
  1274 | D        | Found a transporter.
  1277 | D        | Demolished by Urug

Illustrated notes

Levels and vault maps discovered:
D:        sprint_v [room_start, room_1, room_2, room_3, room_4, room_5, room_6,
          room_7, room_8, room_9, room_10, room_11, room_12, room_13, room_14,
          room_15, room_16, room_17, room_18, room_19, room_20, room_21,
          room_22, room_23, room_24, room_25, room_26, room_27]

Skill      XL: |  1  2  3  4  5  6  7  8  9 |
---------------+----------------------------+-----
Fighting       | 5 7 8 9 10 11 | 11.4
Maces & Flails | 4 5 6 7 12 | 12.6
Armour         | 6 10 11 12 14 15 | 15.7
Shields        | 6 9 10 11 12 | 12.0

Action                     |  1- 3 |  4- 6 |  7- 9 | 10-12 || total
---------------------------+-------+-------+-------+-------++-------
  Melee: Great mace        |     3 |     2 |    60 |    10 ||    75
         Tailslap          |     1 |       |     3 |     1 ||     5
    Use: Potion            |     1 |       |     1 |     1 ||     3
         Scroll            |       |       |     1 |       ||     1
 Armour: Gold dragon scale |     3 |       |   132 |    20 ||   155
  Dodge: Dodged            |     1 |       |    32 |     3 ||    36

Table legend: (Time is in decaauts)
 A = Elapsed time spent in this place.
 B = Non-inter-level travel time spent in this place.
 C = Inter-level travel time spent in this place.
 D = Time resting spent in this place.
 E = Time spent auto-exploring this place.
 F = Levels seen in this place.
 G = Mean time per level.
                   A        B        C        D        E       F      G
               +--------+--------+--------+--------+--------+-----+--------+
         Total |   1296 |   1268 |     28 |    977 |      0 |   1 | 1296.0 |
       Dungeon |   1296 |   1268 |     28 |    977 |      0 |   1 | 1296.0 |
               +--------+--------+--------+--------+--------+-----+--------+

Top non-repeatable levels by time:
       D: 1296 daAuts
